AoeStats
← The_Nameless

Pilgrims

507316840Analyzed
2v2 RM · 14d ago on Sep 17, 2026· 43m 16s· 4 players
Game mode
Random Map
Map size
Medium (4 player)
Population
200
Speed
Normal
Resources
Standard
Victory
Conquest
Starting age
Dark Age
Ending age
Imperial Age
RankedLock teamsTeams togetherTeam positionsShared explorationLock speedFull tech treeHidden civsTurbo modeCheats
Victory
Defeat
🇩🇪 Malians · Germany
826
+12
🇩🇪 Armenians · Germany
820
+14
🇬🇧 Franks · United Kingdom
746
-13
🇬🇧 Goths · United Kingdom
746
-13
ilovetodestroy
16:04 Feudal Age
18:18 Double-Bit Axe
18:16 Horse Collar
20:45 Castle Age
19:57 Man-at-Arms
20:34 Gold Mining
21:39 Bow Saw
21:42 Forging
21:33 Scale Mail Armor
21:02 Long Swordsman
22:42 Squires
22:57 Demolition Ship
24:56 Heavy Plow
27:08 Iron Casting
28:13 Chain Mail Armor
28:38 Pikeman
The_Nameless
7:38 Loom
13:08 Feudal Age
14:14 Double-Bit Axe
16:47 Wheelbarrow
27:17 Castle Age
26:37 Scale Barding Armor
26:43 Forging
28:17 Husbandry
28:59 Iron Casting
28:46 Chain Barding Armor
29:25 Gold Mining
29:48 Bow Saw
31:59 Hand Cart
42:49 Imperial Age
hoodwatcher609
14:25 Feudal Age
19:05 Castle Age
18:14 Forging
18:10 Scale Barding Armor
17:55 Double-Bit Axe
18:03 Gold Mining
20:55 Demolition Ship
21:50 Medium Warships
22:10 Husbandry
26:41 Wheelbarrow
33:38 Imperial Age
34:27 Iron Casting
34:12 Chain Barding Armor
34:18 Hand Cart
33:39 Cavalier
36:02 Chemistry
38:08 Plate Barding Armor
40:43 Elite Gbeto
Papaya_Banana91
7:20 Loom
11:59 Feudal Age
12:32 Fishing Lines
12:57 Double-Bit Axe
13:12 Man-at-Arms
13:40 Arson
14:03 Horse Collar
16:06 Long Swordsman
18:13 Town Watch
19:04 Wheelbarrow
22:23 Castle Age
20:35 Scale Mail Armor
20:46 Forging
23:50 Two-Handed Swordsman
24:15 Gambesons
24:31 Squires
26:14 Medium Warships
28:15 Hand Cart
28:38 Iron Casting
29:24 Gillnets
34:21 Ballistics
33:24 Champion
38:20 Imperial Age
36:47 Chain Mail Armor
36:23 Fletching
36:34 Padded Archer Armor
38:03 Bow Saw
37:43 Gold Mining
38:56 Elite Composite Bowman
39:43 Fereters
40:18 Plate Mail Armor
40:51 Caravan
43:12 Spies/Treason
Connection lost

Rejoining the realm…

Still unreachable

The connection could not be restored.

Session expired

The server has moved on; the page needs a fresh start.